Map: Ascension to Aiur LE

Players

Cham - Winner!

  • Race: Zerg Zerg
  • Spawn Location: 5:00

Snute

  • Race: Zerg Zerg
  • Spawn Location: 11:00

Event: WCS Jonkoping 2017

VOD

Have the link to the VOD?

Description

Time

  • Played on: June 18, 2017, 8:53 a.m.
  • Length: 21:21

All games in this series

Show
View Real Time Build Order
Export as new Build Order

Cham Zerg - Winner!

Build Orders: Hatch First 

Get SALT Encoding   

  12  0:01  Drone  
  13  0:08  Drone  
  14  0:17  Overlord  
  14  0:35  Drone  
  14  0:36  Drone x2  
  17  0:52  Hatchery  
  17  0:56  Drone  
  17  1:00  Drone  
  17  1:02  Extractor  
  17  1:15  Spawning Pool  
  17  1:18  Drone  
  17  1:20  Drone  
  18  1:29  Drone  
  19  1:41  Overlord  
  19  2:02  Queen, Metabolic Boost  
  19  2:04  Queen  
  19  2:05  Zergling x2  
  19  2:06  Zergling x2  
  26  2:15  Zergling x2, Spine Crawler  
  26  2:19  Drone  
  26  2:22  Drone  
  27  2:28  Overlord  
  27  2:32  Drone  
  27  2:35  Drone  
  29  2:38  Drone  
  29  2:44  Queen  
  31  2:47  Drone  
  34  2:51  Evolution Chamber  
  34  2:57  Drone x2  
  35  3:06  Overlord  
  35  3:08  Drone  
  35  3:09  Drone  
  37  3:15  Zergling x4  
  37  3:16  Zergling x2  
  37  3:18  Zergling x4  
  42  3:21  Zergling x2  
  42  3:26  Zergling x4  
  45  3:33  Zerg Ground Armor Level 1  
  45  3:35  Zergling x2  
  45  3:37  Drone  
  47  3:45  Drone  
  47  3:47  Drone  
  49  3:49  Overlord  
  49  3:54  Roach Warren  
  49  3:55  Drone x2  
  50  4:03  Drone x2  
  46  4:10  Drone  
  47  4:18  Drone  
  47  4:21  Hatchery  
  47  4:27  Zergling x6  
  47  4:28  Zergling x4  
  51  4:32  Zergling x6  
  51  4:35  Overlord  
  54  4:44  Overlord  
  54  4:49  Overlord  
  50  4:53  Roach  
  50  4:56  Roach  
  50  4:57  Roach x2  
  50  4:58  Roach  
  57  5:02  Roach x2  
  57  5:03  Hatchery  
  57  5:05  Roach  
  57  5:07  Roach  
  64  5:11  Roach  
  66  5:15  Roach  
  66  5:19  Roach x2  
  71  5:24  Roach  
  71  5:25  Roach  
  70  5:31  Overlord  
  70  5:35  Roach  
  72  5:39  Overlord x2  
  72  5:40  Zergling x4  
  74  5:47  Roach  
  77  5:50  Zergling x6  
  77  5:52  Roach  
  81  5:58  Zergling x2  
  81  6:01  Zergling x2  
  81  6:04  Zergling x6  
  85  6:13  Zergling x4  
  85  6:16  Zergling x4  
  86  6:20  Zergling x2  
  86  6:21  Zergling x2  
  86  6:23  Zergling x2  
  86  6:25  Zergling x2  
  88  6:29  Zerg Missile Weapons Level 1  
  88  6:30  Extractor  
  88  6:32  Extractor, Zergling x2  
  87  6:38  Drone x4  
  87  6:39  Overlord  
  91  6:45  Drone x3  
  91  6:46  Overlord  
  93  6:49  Drone x2  
  93  6:50  Drone  
  95  6:58  Drone x3  
  98  7:03  Drone x2  
  98  7:04  Lair  
  98  7:05  Drone x2  
  98  7:06  Drone x2  
  98  7:07  Extractor  
  103  7:12  Overlord  
  103  7:14  Drone x2  
  103  7:15  Drone  
  106  7:16  Drone  
  106  7:20  Roach  
  109  7:28  Roach x3  
  113  7:36  Overlord  
  113  7:37  Drone x2  
  115  7:38  Drone x2  
  115  7:40  Drone x2  
  115  7:41  Drone  
  115  7:44  Drone  
  119  7:45  Overlord  
  119  7:47  Drone  
  119  7:48  Drone  
  121  7:53  Drone x2  
  121  7:56  Extractor  
  121  7:57  Overlord  
  123  7:58  Drone x2  
  123  7:59  Overlord  
  123  8:00  Roach  
  123  8:03  Glial Reconstitution  
  123  8:05  Overseer  
  126  8:06  Roach  
  126  8:08  Roach  
  126  8:12  Overlord  
  130  8:13  Roach x2  
  130  8:16  Roach  
  130  8:17  Roach  
  130  8:19  Roach  
  140  8:24  Roach  
  140  8:25  Roach x2  
  145  8:29  Roach  
  145  8:31  Overlord  
  147  8:37  Roach  
  147  8:38  Roach  
  151  8:42  Roach x2  
  151  8:47  Roach x3  
  161  8:49  Hatchery  
  161  8:50  Roach  
  161  8:52  Ravager x4  
  161  8:54  Roach x2  
  166  8:57  Extractor  
  164  9:06  Roach  
  164  9:07  Roach  
  167  9:12  Roach x5  
  173  9:17  Roach  
  173  9:18  Roach  
  177  9:27  Burrow  
  177  9:28  Tunneling Claws  
  177  9:31  Overlord x4  
  177  9:40  Overlord  
  177  9:41  Overlord  
  177  9:42  Ravager  
  178  9:50  Roach x4  
  178  9:51  Roach x3  
  192  9:53  Roach x3  
  192  9:57  Roach  
  198  10:04  Roach  
  200  10:07  Roach  
  200  10:16  Overseer x2  
  200  10:18  Spine Crawler  
  200  10:19  Spine Crawler  
  200  10:20  Spine Crawler  
  197  10:31  Roach  
  197  10:32  Ravager  
  198  10:54  Roach  
  198  10:55  Zerg Ground Armor Level 2  
  198  10:56  Roach x4  
  200  10:58  Extractor  
  199  11:06  Roach x3  
  199  11:08  Ravager  
  176  11:22  Roach x2  
  176  11:23  Roach x2  
  176  11:24  Roach  
  176  11:25  Roach  
  170  11:27  Roach x2  
  170  11:28  Roach x4  
  170  11:32  Roach x3  
  148  11:33  Roach  
  148  11:34  Roach x4  
  148  11:35  Roach x2  
  148  11:36  Roach  
  148  11:37  Roach  
  148  11:38  Roach  
  166  11:41  Roach x2  
  166  11:42  Roach x3  
  166  11:43  Roach  
  161  11:47  Roach x2  
  161  11:50  Roach  
  163  11:54  Roach x2  
  163  11:57  Roach  
  163  11:58  Roach  
  163  12:00  Roach x2  
  165  12:13  Roach x2  
  165  12:14  Roach  
  169  12:16  Roach x2  
  169  12:18  Roach  
  169  12:19  Roach  
  169  12:22  Roach  
  177  12:31  Roach x3  
  177  12:35  Roach  
  181  12:37  Spire, Roach x2  
  181  12:44  Roach x13  
  188  12:45  Overseer, Roach x9, Extractor  
  188  12:46  Spine Crawler, Drone  
  188  12:47  Roach  
  188  12:48  Spine Crawler  
  188  12:50  Overlord  
  188  12:54  Drone x3  
  188  12:55  Drone x3  
  188  12:57  Roach x2  
  198  12:59  Roach  
  198  13:00  Unknown x2  
  198  13:01  Unknown  
  200  13:10  Zerg Missile Weapons Level 2  
  200  13:12  Roach x5  
  200  13:18  Roach x15  
  200  13:34  Roach x2  
  192  13:48  Infestation Pit  
  189  13:56  Roach x2  
  189  13:57  Roach  
  189  13:59  Roach x2  
  189  14:00  Roach  
  172  14:03  Mutalisk x13  
  172  14:08  Mutalisk x4  
  200  14:19  Roach x2  
  186  14:35  Infestor x3  
  192  14:41  Mutalisk x5  
  196  14:49  Roach, Drone  
  196  14:50  Ravager  
  196  14:51  Hydralisk Den  
  199  14:53  Hatchery, Drone  
  193  15:17  Mutalisk x6  
  193  15:18  Mutalisk  
  197  15:21  Roach x2  
  191  15:37  Mutalisk x4  
  193  15:42  Hydralisk  
  193  15:43  Hydralisk  
  193  15:45  Hydralisk  
  193  15:49  Spine Crawler  
  198  15:50  Hydralisk  
  186  16:40  Hydralisk x4  
  186  16:42  Hydralisk x2  
  196  16:57  Hydralisk  
  196  16:58  Hydralisk  
  188  17:09  Mutalisk  
  188  17:10  Mutalisk x10  
  188  17:13  Hydralisk x2  
  200  17:20  Extractor  
  200  17:21  Extractor, Spine Crawler  
  198  17:22  Drone  
  198  17:23  Drone x2  
  166  17:37  Roach x9  
  166  17:41  Unknown, Roach x2  
  166  17:42  Unknown x3  
  166  17:43  Roach x5  
  172  17:44  Roach  
  172  17:46  Roach  
  172  17:47  Roach x3  
  178  17:55  Roach x4  
  178  17:56  Roach x3  
  184  17:59  Roach  
  184  18:00  Roach x2  
  184  18:05  Hive  
  186  18:06  Roach x2  
  186  18:08  Roach x3  
  196  18:21  Roach x2  
  194  18:29  Roach  
  194  18:30  Roach x2  
  194  18:33  Spine Crawler  
  194  18:34  Spine Crawler  
  194  18:36  Spine Crawler, Roach  
  195  18:46  Roach x5  
  193  18:51  Roach x7  
  193  18:53  Roach  
  185  18:57  Roach x3  
  185  18:59  Roach  
  171  19:03  Roach x3  
  171  19:06  Hydralisk  
  171  19:07  Roach x2  
  171  19:09  Hydralisk x5, Roach x3  
  178  19:11  Roach x8  
  178  19:14  Roach  
  178  19:16  Roach  
  153  19:18  Roach  
  153  19:21  Roach x3  
  155  19:27  Roach  
  157  19:31  Hydralisk x2  
  157  19:32  Roach x2  
  157  19:38  Roach  
  155  19:39  Roach  
  153  19:47  Roach x3  
  153  19:49  Hydralisk  
  153  19:51  Hydralisk  
  157  19:53  Hydralisk  
  157  19:56  Hydralisk  
  161  20:04  Hydralisk  
  161  20:06  Hydralisk  
  153  20:08  Roach x2  
  153  20:12  Roach  
  153  20:13  Roach  
  161  20:16  Roach  
  161  20:18  Roach  
  161  20:19  Roach  
  167  20:22  Roach  
  171  20:28  Roach x2  
  171  20:29  Roach  
  171  20:31  Roach  
  171  20:33  Roach  
  179  20:38  Roach x2  
  179  20:40  Roach  
  185  20:43  Roach  
  185  20:44  Roach  
  177  20:51  Roach  
  177  20:53  Roach  
  177  20:54  Roach x2  
  145  20:58  Roach x2  
  145  21:01  Roach  
  145  21:04  Overseer x2  
Show
View Real Time Build Order
Export as new Build Order

Snute Zerg 

Build Orders: Hatch First 

Get SALT Encoding   

  12  0:00  Drone  
  13  0:12  Overlord  
  13  0:17  Drone  
  14  0:30  Drone x2  
  14  0:34  Drone  
  17  0:51  Hatchery  
  17  0:54  Drone  
  17  0:58  Drone  
  17  1:00  Extractor  
  17  1:13  Spawning Pool  
  17  1:16  Drone  
  17  1:20  Drone  
  18  1:27  Drone  
  19  1:38  Overlord  
  19  2:00  Queen, Zergling x4, Metabolic Boost  
  23  2:03  Queen  
  23  2:07  Zergling x2  
  26  2:10  Drone  
  26  2:14  Drone  
  28  2:29  Drone x2  
  30  2:35  Queen  
  32  2:38  Zergling x4  
  32  2:43  Overlord  
  34  2:54  Hatchery  
  33  3:02  Baneling Nest, Drone  
  33  3:04  Drone  
  34  3:06  Drone  
  34  3:12  Zergling x4  
  37  3:17  Drone x2  
  40  3:20  Drone  
  40  3:22  Drone  
  41  3:29  Zergling x6  
  44  3:34  Overlord  
  44  3:46  Baneling x2  
  43  3:49  Overlord  
  43  3:54  Zergling x14  
  50  4:01  Zergling x2  
  51  4:07  Baneling x2  
  48  4:13  Drone x3  
  48  4:16  Drone x2  
  53  4:19  Extractor, Roach Warren  
  53  4:20  Drone x2  
  53  4:27  Drone x3  
  53  4:30  Drone x2  
  58  4:36  Overlord  
  58  4:42  Drone  
  58  4:44  Overlord  
  59  4:49  Overlord  
  52  5:00  Roach  
  52  5:01  Roach x6  
  52  5:06  Roach  
  68  5:08  Zergling x4  
  70  5:16  Roach x2  
  74  5:22  Zergling x6  
  74  5:26  Overlord  
  74  5:28  Zergling x2  
  74  5:29  Zergling x8  
  79  5:36  Lair  
  79  5:40  Evolution Chamber  
  79  5:41  Extractor  
  79  5:42  Drone  
  78  5:43  Drone  
  78  5:45  Drone  
  78  5:46  Drone  
  78  5:48  Drone  
  83  5:50  Drone  
  83  5:56  Drone x3  
  85  5:58  Drone  
  86  6:05  Roach x2  
  86  6:10  Roach x2  
  93  6:12  Overlord  
  93  6:14  Roach  
  94  6:21  Roach  
  92  6:28  Roach x2  
  92  6:29  Overlord  
  92  6:31  Roach  
  92  6:32  Roach x2  
  102  6:38  Roach  
  104  6:40  Zerg Missile Weapons Level 1  
  104  6:46  Glial Reconstitution  
  100  6:54  Roach x3  
  100  6:59  Overlord  
  100  7:01  Drone x8  
  109  7:05  Extractor  
  113  7:09  Drone  
  113  7:10  Extractor  
  113  7:11  Overlord x2  
  113  7:15  Ravager  
  114  7:18  Roach x2  
  114  7:19  Roach  
  120  7:26  Roach  
  121  7:35  Roach x5  
  121  7:36  Roach  
  129  7:41  Overlord  
  129  7:42  Overlord  
  129  7:44  Roach x3  
  129  7:46  Ravager  
  136  8:01  Roach  
  136  8:02  Roach x6  
  150  8:05  Overlord  
  150  8:13  Roach  
  152  8:20  Overlord x2  
  152  8:25  Roach  
  152  8:26  Roach x3  
  160  8:31  Overlord x2  
  160  8:34  Zerg Missile Weapons Level 2  
  160  8:38  Tunneling Claws  
  160  8:42  Burrow  
  160  8:51  Roach x4  
  160  8:54  Ravager  
  165  9:12  Drone x10  
  165  9:13  Drone x2  
  173  9:27  Hatchery  
  173  9:29  Roach x4  
  173  9:30  Roach  
  182  9:36  Extractor  
  182  9:37  Roach x7  
  182  9:38  Roach x4  
  181  9:40  Overseer, Pneumatized Carapace  
  181  9:45  Roach x3  
  187  9:46  Roach x2  
  191  9:59  Roach  
  193  10:00  Roach  
  193  10:05  Roach x4, Overlord  
  183  10:09  Infestation Pit  
  183  10:13  Overlord x2  
  180  10:17  Ravager  
  180  10:18  Ravager x2  
  183  10:28  Overseer  
  183  10:29  Roach  
  183  10:30  Spine Crawler, Roach x5  
  183  10:31  Spine Crawler  
  183  10:33  Spine Crawler  
  192  10:55  Roach  
  192  10:57  Zerg Ground Armor Level 1, Ravager x4  
  197  10:58  Pathogen Glands  
  178  11:20  Roach  
  178  11:21  Roach x9  
  172  11:25  Roach  
  172  11:26  Roach x10  
  172  11:31  Roach x2  
  168  11:35  Drone  
  160  11:40  Drone x4, Roach x2  
  160  11:41  Drone x2  
  158  11:50  Overseer  
  155  11:58  Drone x6  
  155  11:59  Drone  
  162  12:02  Ravager x2  
  160  12:11  Drone  
  160  12:12  Drone x3  
  164  12:24  Ravager  
  164  12:25  Roach x4  
  172  12:30  Drone x2  
  174  12:38  Drone  
  174  12:39  Drone x4  
  174  12:40  Drone  
  180  12:44  Infestor  
  180  12:49  Infestor  
  184  12:52  Roach  
  186  13:03  Spine Crawler  
  185  13:06  Infestor  
  185  13:07  Spine Crawler  
  186  13:13  Spine Crawler  
  186  13:14  Spine Crawler  
  184  13:24  Zerg Ground Armor Level 2  
  184  13:34  Overseer  
  184  13:37  Roach  
  184  13:38  Roach x6  
  194  13:57  Roach x3  
  193  14:06  Drone x4  
  197  14:23  Drone  
  197  14:24  Drone x2  
  200  14:33  Spore Crawler x2  
  200  14:35  Spore Crawler  
  200  14:37  Spore Crawler  
  196  14:45  Drone x2  
  197  14:46  Hive  
  197  14:48  Spire, Drone x3  
  199  15:00  Spore Crawler  
  199  15:06  Queen x2  
  192  15:12  Queen  
  196  15:17  Drone x4  
  196  15:20  Hydralisk Den  
  199  15:22  Spore Crawler  
  196  15:52  Hydralisk x2, Hatchery, Muscular Augments  
  196  15:53  Queen  
  199  15:59  Hydralisk  
  199  16:00  Zerg Missile Weapons Level 3  
  199  16:01  Overlord  
  199  16:02  Overlord  
  199  16:06  Overlord x2  
  199  16:07  Overlord  
  199  16:10  Spore Crawler  
  198  16:14  Overlord x2  
  198  16:24  Hydralisk  
  191  16:35  Hydralisk x6  
  191  16:39  Roach x28  
  192  16:48  Hydralisk x3  
  192  17:03  Roach x18  
  192  17:04  Roach x22  
  190  17:12  Hatchery  
  190  17:13  Roach  
  189  17:18  Infestor x3  
  195  17:25  Roach  
  167  17:38  Drone x6  
  167  17:39  Drone x2  
  175  17:57  Hydralisk x4  
  175  18:02  Hydralisk  
  175  18:03  Roach x32  
  171  18:15  Hydralisk  
  171  18:16  Hydralisk  
  173  18:27  Drone  
  173  18:28  Drone x4  
  173  18:33  Roach x2  
  173  18:34  Roach  
  184  18:44  Roach x3  
  187  18:57  Roach Warren  
  160  19:16  Infestor x3  
  153  19:19  Hydralisk x5  
  153  19:24  Hydralisk x2  
  154  19:25  Roach  
  154  19:30  Drone  
  154  19:31  Drone x3  
  145  19:40  Roach  
  145  19:41  Roach  
  137  20:07  Roach x2  
  139  20:11  Ravager  
  139  20:12  Ravager x2  
  139  20:13  Unknown x2  
  139  20:14  Unknown  
  142  20:16  Unknown  
  142  20:24  Roach x3  
  148  20:30  Roach  
  95  21:00  Roach  
  95  21:01  Roach x7  
Tags
 
Add a new tag
Caveats
  • Supply blocks, unpowered buildings, or Contaminate may cause inaccurate times.
  • Supply counts are checked every 10 seconds.